 Dungeon Sprint DCSS version 0.27-a0-1051-g288ea87c7c (webtiles) character file.

Game seed: 457346112536058508

12434 mhtbhm the Scorcher (level 11, -5/54 HPs)
             Began as a Deep Elf Fire Elementalist on Apr 20, 2021.
             Was the Champion of Vehumet.
             Killed by divine providence
             ... invoked by Saint Roka
              (15 damage)
             ... in the Dungeon (Sprint V: "Ziggurat Sprint").
             The game lasted 00:06:14 (1068 turns).

mhtbhm the Scorcher (Deep Elf Fire Elementalist)    Turns: 1068, Time: 00:06:15

Health: -5/54      AC:  7    Str:  3    XL:     11   Next: 62%
Magic:  26/34      EV: 17    Int: 36    God:    Vehumet [******]
Gold:   0          SH:  0    Dex: 15    Spells: 23/44 levels left

rFire    + . .     SeeInvis .   C - +8 lance "Wyrmbane" {slay drac, rPois rF+ rC+ AC+3}
rCold    + + .     Faith    +   (no shield)
rNeg     . . .     Spirit   .   a - +0 robe
rPois    +         Reflect  .   G - +2 hat {Stlth+}
rElec    .         Harm     .   (no cloak)
rCorr    .         Rampage  .   (no gloves)
Will     +++..     NoTele   +   (no boots)
Stlth    ++++++....             w - amulet of Siteoth {Faith rC+ Will++ Str-2}
HPRegen  0.18/turn              u - +6 ring of intelligence
MPRegen  0.24/turn              v - +6 ring of intelligence

@: no status effects
A: no striking features
a: Renounce Religion


You were in the Dungeon.
You worshipped Vehumet.
Vehumet was exalted by your worship.
You visited 1 branch

Inventory:

Hand Weapons
 C - the +8 lance "Wyrmbane" (weapon) {slay drac, rPois rF+ rC+ AC+3}
   (You found it in the Dungeon)

   It affects your AC (+3).
   It protects you from fire.
   It protects you from cold.
   It protects you from poison.
Armour
 a - a +0 robe (worn)
 G - a +2 hat of stealth (worn)
Jewellery
 u - a +6 ring of intelligence (left hand)
 v - a +6 ring of intelligence (right hand)
 w - the amulet of Siteoth (around neck) {Faith rC+ Will++ Str-2}
   (You found it in the Dungeon)

   [amulet of faith]

   It allows you to gain divine favour quickly.
   It affects your strength (-2).
   It protects you from cold.
   It greatly increases your willpower.
Wands
 y - a wand of mindburst (5)
 z - a wand of iceblast (3)
 A - a wand of acid (6)
Scrolls
 h - 3 scrolls of blinking
 m - 4 scrolls of amnesia
 n - 7 scrolls of fog
 o - a scroll of holy word
 p - 5 scrolls of identify
 q - 2 scrolls of fear
 r - 4 scrolls of enchant armour
 s - 2 scrolls of brand weapon
 t - 4 scrolls of enchant weapon
Potions
 b - 2 potions of brilliance
 c - 10 potions of curing
 d - 8 potions of heal wounds
 e - 6 potions of haste
 f - 7 potions of magic
 g - 3 potions of berserk rage
 i - 2 potions of invisibility
 j - 4 potions of resistance
 k - a potion of experience
 l - 5 potions of might
Miscellaneous
 x - a tin of tremorstones (2/2)
 B - a lightning rod (4/4)
 D - a phantom mirror
 E - a piece from Xom's chessboard (15/15)
 H - a condenser vane


   Skills:
 + Level 10.8 Dodging
 + Level 11.1 Stealth
 + Level 17.0 Spellcasting
 + Level 11.8 Conjurations
 + Level 18.1 Fire Magic
 + Level 11.9 Evocations


You had 23 spell levels left.
You knew the following spells:

 Your Spells              Type           Power      Damage    Failure   Level
a - Foxfire               Conj/Fire      100%       2x1d9     0%          1
b - Conjure Flame         Conj/Fire      95%        6-21      0%          3
c - Inner Flame           Hex/Fire       77%        N/A       1%          3
d - Sticky Flame          Conj/Fire      95%        2d10      0%          4
e - Fireball              Conj/Fire      47%        3d19      1%          5
f - Lee's Rapid Deconstr  Erth           15%        3d11*     9%          5

Your spell library contained the following spells:

 Spells                   Type           Power      Damage    Failure   Level
 Fulminant Prism          Conj/Hex       32%        3d16      1%          4
 Apportation              Tloc           60%        N/A       1%          1
 Blink                    Tloc           N/A        N/A       1%          2
 Ensorcelled Hibernation  Hex/Ice        60%        N/A       1%          2
 Passwall                 Tmut/Erth      25%        N/A       1%          2
 Bolt of Magma            Conj/Fire/Erth 40%        4d17      1%          5
 Swiftness                Air            30%        N/A       3%          3
 Animate Armour           Summ/Erth      60%        N/A       11%         4
 Passage of Golubria      Tloc           N/A        N/A       11%         4
 Borgnjor's Vile Clutch   Necr/Erth      15%        N/A       30%         5
 Silence                  Hex/Air        15%        N/A       30%         5
 Summon Forest            Summ/Tloc      15%        N/A       30%         5
 Summon Mana Viper        Hex/Summ       30%        N/A       30%         5
 Invisibility             Hex            30%        N/A       86%         6
 Shadow Creatures         Summ           N/A        N/A       86%         6
 Statue Form              Tmut/Erth      20%        N/A       86%         6
 Haunt                    Necr/Summ      15%        N/A       100%        7
 Malign Gateway           Summ/Tloc      15%        N/A       100%        7
 Monstrous Menagerie      Summ           15%        N/A       100%        7
 Summon Hydra             Summ           15%        N/A       100%        7
 Summon Horrible Things   Summ           15%        N/A       100%        8


Dungeon Overview and Level Annotations

Branches:
Dungeon (1/1)

Altars:
Ashenzari
Cheibriados
Dithmenos
Elyvilon
Fedhas
Gozag
Hepliaklqana
Kikubaaqudgha
Makhleb
Nemelex Xobeh
Okawaru
Qazlal
Ru
Sif Muna
Trog
Uskayaw
Vehumet
Wu Jian
Xom
Yredelemnul
Zin
The Shining One
Beogh
Jiyva
Lugonu

Annotations:
D 1 transporter, Crazy Yiuf, Grinder, Grum, Louise, Nessos, Nikola, Roxanne, Saint Roka


Message History

Okay, then.
Unknown command.
Casting: Lee's Rapid Deconstruction (quite dangerous; 9% risk of failure)
Confirm with . or Enter, or press ? or * to list all spells.
The spell is quite dangerous to cast (9% risk of failure)!
Continue anyway?
Aiming: Lee's Rapid Deconstruction (quite dangerous; 9% risk of failure)
Press: ? - help, Dir - move target, f/p - Roxanne Fragment what (e.g. wall or brittle monster)?: Roxanne (lightly damaged) Roxanne shatters!
Roxanne is lightly damaged.
The blast of sapphire shards hits Nikola!
Nikola is moderately wounded.
The blast of sapphire shards hits Nessos!
Nessos is moderately wounded.
The blast of sapphire shards hits Saint Roka!
Saint Roka is lightly wounded.
The blast of sapphire shards hits Blork the orc!!
You kill Blork the orc!
Vehumet accepts your kill.
Vehumet offers you knowledge of Fulminant Prism.
You feel your power returning.
The blast of sapphire shards hits Purgy!!
You kill Purgy!
Vehumet accepts your kill.
You feel your power returning.
The blast of sapphire shards hits Grum!!
Grum is severely wounded.
The blast of sapphire shards hits Grinder!!
Grinder is almost dead.
The blast of sapphire shards hits Louise.
Louise is lightly wounded.
Nessos wields a +3 longbow of flaming.
It bursts into flame!
Nessos shoots an arrow.
The arrow hits you!! The arrow burns you.
Nessos shoots an arrow.
The arrow hits you!
* * * LOW HITPOINT WARNING * * *
The arrow burns you.
* * * LOW HITPOINT WARNING * * *
Saint Roka mumbles some strange prayers to Beogh against you.
Beogh smites you!
You die...

▓....©....▓.
▓▓▓▓▓▓▓▓▓▓▓▓▓▓▓▓▓▓▓▓▓▓▓▓
▓...8©8...▓..≈8©8≈≈≈▓...
▓..}g@)"}.▓..=)≈≈}..▓..=
▓..g5c8o@.▓≈.)[[)≈..▓...
▓.........▓≈....≈...▓...
▓.........▓≈.≈≈))...▓...
▓.........▓.≈≈≈).≈.≈▓...
▓......@..▓..≈.))..≈▓...
▓.........▓≈≈≈÷)....▓.▓.
▓.▓.....▓.▓.▓..≈..▓≈▓...
▓....§....▓....©....▓▓▓▓
▓▓▓▓▓▓▓▓▓▓▓▓▓▓▓▓▓▓▓▓▓


You could see Saint Roka, Nikola, Roxanne, Louise, Nessos (fast), Grum, Grinder
and Crazy Yiuf.

Vanquished Creatures
  3 merfolk impalers (D)
  2 merfolk javelineers (D)
  A merfolk aquamancer (D)
  2 spriggan druids (D)
  A harpy (D)
  A black mamba (D)
  A merfolk siren (D)
  A guardian mummy (D)
  5 hornets (D)
  2 snapping turtles (D)
  3 tarantellas (D)
  8 spriggans (D)
  2 yaks (D)
  2 nagas (D)
  A hell hound (D)
  Purgy (D)
  2 necrophages (D)
  2 black bears (D)
  5 wolves (D)
  A phantom (D)
  A bullfrog (D)
  Blork the orc (D)
  A scorpion (D)
  A wight (D)
  A quasit (D)
  An orc priest (D)
  An iron imp (D)
  An iguana (D)
  2 mummies (D)
  3 adders (D)
  2 orcs (D)
  4 bat zombies (D)
  A jackal (D)
  2 ball pythons (D)
  A jackal skeleton (D)
  A quokka skeleton (D)
  A quokka zombie (D)
71 creatures vanquished.

Notes
Turn   | Place    | Note
-------+----------+-------------------------------------------
     0 | D        | mhtbhm the Deep Elf Fire Elementalist began the quest for
                  | the Orb.
     0 | D        | Reached XP level 1. HP: 10/10 MP: 6/6
     0 | D        | Found a blossoming altar of Fedhas.
     0 | D        | Banished a spatial maelstrom
     1 | D        | Found the +6 Majin-Bo {vamp, MP+6 Int+6}
     1 | D        | Found the +9 heavy crossbow "Sniper" {vorpal, Acc+∞ SInv}
     1 | D        | Found the +10 dark maul {vorpal}
     1 | D        | Found the +15 Maxwell's patent armour {-Cast -Tele rElec
                  | Will+ rCorr}
     1 | D        | Found the +18 shield of the Gong {rElec rN+ Will+ EV-5}
     1 | D        | Found the +14 obsidian axe {vorpal, Drain Fly SInv}
     1 | D        | Found the +7 great mace "Firestarter" {inner flame, rF++}
     1 | D        | Found the +6 shillelagh "Devastator" {shatter}
     1 | D        | Found the +11 plutonium sword {Contam Stlth-}
     1 | D        | Found the +8 lance "Wyrmbane" {slay drac, rPois rF+ rC+
                  | AC+3}
     1 | D        | Found the +9 sword of Zonguldrok {reap}
     1 | D        | Found the +13 scythe of Curses {drain, Drain}
     1 | D        | Found the +5 sword of Power {vorpal}
     1 | D        | Found the +7 mace of Variability {chain chaos}
     1 | D        | Found the +7 Singing Sword {vorpal, sonic wave}
     1 | D        | Found the +8 storm bow {elec, penet}
     1 | D        | Found a shimmering blue altar of Sif Muna.
     1 | D        | Found a sacrificial altar of Ru.
     1 | D        | Found a bloodstained altar of Trog.
     1 | D        | Found a stormy altar of Qazlal.
     1 | D        | Found an iron altar of Okawaru.
     1 | D        | Found a sparkling altar of Nemelex Xobeh.
     3 | D        | Found a transporter.
     3 | D        | Found an ancient bone altar of Kikubaaqudgha.
     3 | D        | Found a viscous altar of Jiyva.
     3 | D        | Found a corrupted altar of Lugonu.
     3 | D        | Found a hazy altar of Hepliaklqana.
     3 | D        | Found a burning altar of Makhleb.
     3 | D        | Found an opulent altar of Gozag.
    11 | D        | Banished a spatial maelstrom
    37 | D        | Became a worshipper of Vehumet
    61 | D        | Entered arena 2.
    61 | D        | Found a transporter.
    68 | D        | Got the ring "Ipuhoopla" {Fire rPois Will- Int+4}
   173 | D        | Entered arena 3.
   173 | D        | Noticed an orc priest
   173 | D        | Found a transporter.
   174 | D        | Reached * piety under Vehumet
   174 | D        | Offered knowledge of Magic Dart by Vehumet.
   174 | D        | Killed an orc priest
   175 | D        | Reached skill level 6 in Fire Magic
   175 | D        | Reached XP level 2. HP: 15/15 MP: 6/9
   175 | D        | Reached XP level 3. HP: 19/19 MP: 7/11
   179 | D        | Learned a level 3 spell: Conjure Flame
   183 | D        | Learned a level 3 spell: Inner Flame
   212 | D        | Entered arena 4.
   212 | D        | Noticed a guardian mummy
   212 | D        | Found a transporter.
   214 | D        | Reached ** piety under Vehumet
   216 | D        | Killed a guardian mummy
   217 | D        | Reached skill level 5 in Stealth
   217 | D        | Reached skill level 10 in Fire Magic
   217 | D        | Reached XP level 4. HP: 16/24 MP: 11/15
   217 | D        | Reached XP level 5. HP: 19/28 MP: 12/17
   217 | D        | Reached XP level 6. HP: 21/32 MP: 12/18
   253 | D        | Learned a level 4 spell: Sticky Flame
   259 | D        | Learned a level 5 spell: Fireball
   321 | D        | Entered arena 5.
   321 | D        | Noticed a tarantella
   321 | D        | Noticed a tarantella
   321 | D        | Noticed a tarantella
   321 | D        | Found a transporter.
   322 | D        | Offered knowledge of Static Discharge by Vehumet.
   322 | D        | Reached *** piety under Vehumet
   323 | D        | Reached skill level 11 in Fire Magic
   323 | D        | Killed a tarantella
   324 | D        | Reached XP level 7. HP: 36/36 MP: 15/21
   324 | D        | Killed a tarantella
   324 | D        | Killed a tarantella
   325 | D        | Reached skill level 13 in Fire Magic
   332 | D        | Got the amulet of Siteoth {Faith rC+ Will++ Str-2}
   391 | D        | Entered arena 6.
   391 | D        | Found a transporter.
   393 | D        | Reached **** piety under Vehumet
   394 | D        | Reached skill level 10 in Spellcasting
   395 | D        | Reached ***** piety under Vehumet
   419 | D        | Learned a level 5 spell: Lee's Rapid Deconstruction
   422 | D        | Entered arena 7.
   422 | D        | Noticed a spriggan rider
   422 | D        | Noticed a spriggan rider
   422 | D        | Noticed a spriggan
   422 | D        | Noticed a spriggan
   423 | D        | Identified the +10 short sword of Ornamental Conscience
                  | {chaos, rPois rF++ Int-5 Stlth+}
   425 | D        | Reached skill level 5 in Evocations
   425 | D        | Reached XP level 8. HP: 41/41 MP: 16/24
   427 | D        | Reached skill level 14 in Fire Magic
   427 | D        | Killed a hornet
   428 | D        | Found a transporter.
   429 | D        | Reached ****** piety under Vehumet
   433 | D        | Killed a hornet
   434 | D        | Reached XP level 9. HP: 37/45 MP: 6/26
   540 | D        | Entered arena 8.
   541 | D        | Offered knowledge of Dazzling Flash by Vehumet.
   542 | D        | Reached skill level 5 in Conjurations
   543 | D        | Reached skill level 15 in Fire Magic
   543 | D        | Found a transporter.
   662 | D        | Entered arena 9.
   664 | D        | Offered knowledge of Olgreb's Toxic Radiance by Vehumet.
   666 | D        | Found a transporter.
   686 | D        | Entered arena 10.
   686 | D        | Noticed a black mamba
   688 | D        | Killed a black mamba
   690 | D        | Found a transporter.
   720 | D        | Entered arena 11.
   720 | D        | Noticed a spriggan rider
   720 | D        | Noticed a spriggan rider
   720 | D        | Noticed a spriggan druid
   720 | D        | Noticed a spriggan druid
   720 | D        | Noticed a spriggan rider
   721 | D        | Killed a spriggan druid
   722 | D        | Reached skill level 16 in Fire Magic
   722 | D        | Reached XP level 10. HP: 50/50 MP: 29/29
   722 | D        | Killed a spriggan rider
   722 | D        | Killed a spriggan rider
   723 | D        | Reached skill level 10 in Dodging
   723 | D        | Reached skill level 10 in Stealth
   723 | D        | Killed a spriggan druid
   725 | D        | Reached skill level 10 in Evocations
   727 | D        | Reached skill level 15 in Spellcasting
   728 | D        | Reached skill level 17 in Fire Magic
   728 | D        | Found a transporter.
   735 | D        | Got the Catalogue of the Dusty Traveller
   739 | D        | Got Dothynyu's Almanac of Earth and the Volcanoes
   775 | D        | Entered arena 12.
   775 | D        | Noticed a merfolk aquamancer
   775 | D        | Noticed a merfolk impaler
   775 | D        | Noticed a merfolk impaler
   775 | D        | Noticed a merfolk impaler
   776 | D        | Noticed a harpy
   776 | D        | Noticed a merfolk javelineer
   777 | D        | Identified the ring of Utritalo {rF- rC+ rCorr Str+2}
   777 | D        | Noticed a merfolk javelineer
   778 | D        | Killed a merfolk impaler
   778 | D        | Killed a merfolk impaler
   778 | D        | Killed a merfolk aquamancer
   778 | D        | Noticed a merfolk siren
   779 | D        | Reached skill level 10 in Conjurations
   779 | D        | Reached XP level 11. HP: 16/54 MP: 26/32
   779 | D        | Killed a merfolk javelineer
   781 | D        | Killed a merfolk impaler
   782 | D        | Killed a harpy
   782 | D        | HP: 2/54 [merfolk javelineer/silver javelin (5)]
   783 | D        | Killed a merfolk javelineer
   784 | D        | Reached skill level 18 in Fire Magic
   870 | D        | Found a transporter.
  1066 | D        | Entered arena 13.
  1066 | D        | Noticed Grinder
  1066 | D        | Noticed Nessos
  1066 | D        | Identified Roxanne's Incunabulum of the Rocks
  1066 | D        | Noticed Roxanne
  1066 | D        | Noticed Saint Roka
  1067 | D        | Found a transporter.
  1067 | D        | Noticed Louise
  1067 | D        | Noticed Crazy Yiuf
  1067 | D        | Noticed Grum
  1068 | D        | Noticed Nikola
  1068 | D        | Noticed Blork the orc
  1068 | D        | Noticed Purgy
  1068 | D        | Killed Blork the orc
  1068 | D        | Offered knowledge of Fulminant Prism by Vehumet.
  1068 | D        | Killed Purgy
  1068 | D        | Killed from afar by Saint Roka

Illustrated notes

Levels and vault maps discovered:
D:        sprint_v [room_start, room_1, room_2, room_3, room_4, room_5, room_6,
          room_7, room_8, room_9, room_10, room_11, room_12, room_13, room_14,
          room_15, room_16, room_17, room_18, room_19, room_20, room_21,
          room_22, room_23, room_24, room_25, room_26, room_27]

Skill      XL: |  1  2  3  4  5  6  7  8  9 10 11 |
---------------+----------------------------------+-----
Dodging        | 4 6 8 9 10 | 10.8
Stealth        | 3 5 6 7 8 9 10 11 | 11.1
Spellcasting   | 4 7 8 10 11 13 15 17 | 17.0
Fire Magic     | 6 10 11 13 14 16 17 18 | 18.1
Evocations     | 3 5 6 8 11 | 11.9
Conjurations   | 2 3 4 7 10 11 | 11.8

Action                   |  1- 3 |  4- 6 |  7- 9 | 10-12 || total
-------------------------+-------+-------+-------+-------++-------
 Cast: Fireball          |       |     2 |    18 |    11 ||    31
       Lee's Rapid Decon |       |       |       |     2 ||     2
Evoke: Lightning rod     |     5 |     1 |     6 |     1 ||    13
       Wand              |     2 |       |     3 |     2 ||     7
       Tin of tremorston |       |       |       |     1 ||     1
  Use: Scroll            |       |       |     1 |       ||     1
       Potion            |       |       |       |     2 ||     2
Armor: Robe              |       |       |     2 |       ||     2
Dodge: Dodged            |     1 |       |     8 |     5 ||    14

Table legend: (Time is in decaauts)
 A = Elapsed time spent in this place.
 B = Non-inter-level travel time spent in this place.
 C = Inter-level travel time spent in this place.
 D = Time resting spent in this place.
 E = Time spent auto-exploring this place.
 F = Levels seen in this place.
 G = Mean time per level.
                   A        B        C        D        E       F      G
               +--------+--------+--------+--------+--------+-----+--------+
         Total |   1073 |   1073 |      0 |    710 |      0 |   1 | 1073.0 |
       Dungeon |   1073 |   1073 |      0 |    710 |      0 |   1 | 1073.0 |
               +--------+--------+--------+--------+--------+-----+--------+

Top non-repeatable levels by time:
       D: 1073 daAuts
